 BcadrenCrawl: Boulder Brew version 0.06-744-gf22570f5e0 (webtiles) character file.

Game seed: 10974337803278511225

46 LabCoat the Skirmisher (level 3, -2/49 HPs) Hill Orc Fighter. Began on Mar 9, 2023. Slain by a sewer rat (6 damage) ... on level 2 of the Dungeon. The game lasted 00:04:00 (838 turns).

LabCoat the Skirmisher (Hill Orc Fighter)            Turns: 838, Time: 00:04:00

Health: -2/49      AC: -1    Str: 19    XL:     3 ^: 16
Magic:  3/3        EV: 10    Int:  8    God:
Gold:   89         SH:  0    Dex: 10    Spells: 2/2 levels left

rFire    . . .     Slash    .   a - +0 war axe
rCold    . . .     Pierce   .   p - +2 whip (chaos)
rNeg     . . .     Bludgeon .   b - +0 scale mail
rCorr    . . .     Vision   .   (no helmet)
rPois    .         Gourm    .   (no cloak)
rElec    .         Faith    .   (no gloves)
MR       .....     Spirit   .   (no boots)
HPRegen  0.66/turn Reflect  .   l - amulet of regeneration (curse) {(Curse: Int-2)}
MPRegen  0.13/turn Harm     .   (no ring)
Stlth    ..........             (no ring)

@: corroded
A: soft flesh
a: no special abilities


You were on level 2 of the Dungeon.
You were not hungry.

You visited 1 branch of the dungeon, and saw 2 of its levels.

You collected 89 gold pieces.

Inventory:

Weapons
 a - a +0 war axe (weapon)
 i - a +0 hatchet
 p - a +2 whip of chaos (weapon) Shields
 c - a +0 heater shield
 m - a cursed +2 heater shield of fire resistance {(Curse: *Drain)}
Armour
 b - a +0 scale mail (worn)
Jewellery
 e - a cursed ring of protection {(Curse: rF-)}
 l - a cursed amulet of regeneration (around neck) {(Curse: Int-2)}
 n - an uncursed amulet of harm
Scrolls
 h - 2 scrolls of random uselessness
 k - a scroll of holy word
 o - 2 scrolls of fear
Potions
 d - a potion of might
 j - a potion of cure mutation
 q - a potion of poison
Comestibles
 f - a ration
 g - 3 chunks of flesh


   Skills:
 * Level 4.2 Fighting
 * Level 3.5 Axes & Hammers
 + Level 3.5 Armour
 * Level 1.0 Dodging
 + Level 3.5 Shields


You had 2 spell levels left.
You didn't know any spells.
Your spell library was empty.

Dungeon Overview and Level Annotations

Branches:
Dungeon (2/8)

Altars:


Innate Abilities, Weirdness & Mutations

((Your soft flesh is weak to deep cuts.
Heavy manmade armour will nullify this weakness. (rSlashing-)))


Message History

You hit the sewer rat but do no damage.
The sewer rat is moderately wounded. (9/12) HP You hit the jelly (1).
It resists.
The jelly is moderately wounded. (11/16) HP The sewer rat bites you but does no damage.
The sewer rat barely misses you.
The sewer rat bites you but does no damage.
The jelly hits you (3). The acid corrodes you!
You are splashed with acid (8)!
The sewer rat bites you (4). The sewer rat bites you (2).
The jelly hits you (2).
You are splashed with acid (9)!
The sewer rat bites you (2). The sewer rat bites you (3).
* * * LOW HITPOINT WARNING * * *
The sewer rat bites you (1).
* * * LOW HITPOINT WARNING * * *
The jelly hits you (1).
* * * LOW HITPOINT WARNING * * *
The acid corrodes you!
You are splashed with acid (7)!
* * * LOW HITPOINT WARNING * * *
The sewer rat bites you (6).
You die...

≈≈≈≈ ..≈≈≈#
≈≈≈≈ ≈≈≈≈#
≈≈P. ≈≈≈≈P#
# ... .≈≈PP
≈##
#≈.#.≈.PP≈≈≈
#rr#≈.P≈P≈≈.
#rrrrr≈P≈≈≈.
#@J≈≈≈≈≈.
#≈≈≈≈≈≈≈.
#≈≈≈≈≈≈≈.
..≈≈≈≈≈≈.
..≈≈≈≈≈≈≈
≈..≈≈≈≈≈≈≈
##.≈≈≈≈≈≈≈
....≈≈≈≈≈


You could see a jelly and 7 submerged sewer rats.

Vanquished Creatures
  2 cinder newts (D:1)
  A worm (D:1)
  A dart slug (D:1)
  A goblin (D:1)
  3 hobgoblins (D:1)
  9 bats (D:1)
  5 kobolds (D:1)
  5 rats (D:1)
27 creatures vanquished.

Notes
Turn   | Place    | Note
-------+----------+-------------------------------------------
     0 | D:1      | LabCoat the Hill Orc Fighter began the quest for the Orb.
     0 | D:1      | Reached XP level 1. HP: 29/29 MP: 1/1
    81 | D:1      | Reached XP level 2. HP: 32/39 MP: 2/2
   182 | D:1      | Reached skill level 4 in Fighting
   341 | D:1      | Reached XP level 3. HP: 49/49 MP: 3/3
   655 | D:1      | Reached skill level 1 in Dodging
   838 | D:2      | Slain by a sewer rat

Illustrated notes

Levels and vault maps discovered:
D:1:      lightli_arrival_statue_moat, layout_loops_ring, minmay_quantized,
          cheibrodos_sewer_entry_sluice
D:2:      layout_sewer, sewer_frog_pond, uniq_robin

Skill      XL: |  1  2  3 |
---------------+----------+-----
Axes & Hammers | 3 |  3.5
Fighting       | 4 |  4.2
Dodging        | 1 |  1.0
Armour         | |  3.5
Shields        | |  3.5

Action                   || total
-------------------------++-------
Melee: War axe           ||    32
       Hatchet           ||     8
       Whip              ||     1
Throw: Stone             ||     5
       Skull             ||     4
       Rusty metal       ||     2
       Bone              ||     1
Armor: Scale mail        ||    25
Dodge: Dodged            ||    10
Block: Heater shield     ||     4
